 Dungeon Crawl Stone Soup version 0.23-a0-767-gdc19b93d68 (webtiles) character file.

812 Enroth the Chopper (level 7, -2/82 HPs)
             Began as a Demonspawn Fighter on Jan 21, 2019.
             Slain by a killer bee (3 damage)
             ... on level 5 of the Dungeon.
             The game lasted 00:10:56 (3657 turns).

Enroth the Chopper (Demonspawn Fighter)             Turns: 3657, Time: 00:10:56

Health: -2/82      AC: 23    Str: 16    XL:     7   Next: 61%
Magic:  7/7        EV:  2    Int: 10    God:
Gold:   233        SH: 10    Dex: 14    Spells: 6/6 levels left

rFire    . . .     SeeInvis .   a - +0 war axe
rCold    . . .     Gourm    .   c - +1 shield
rNeg     + + +     Faith    .   (armour currently unavailable)
rPois    +         Spirit   .   (helmet currently unavailable)
rElec    .         Reflect  .   (cloak currently unavailable)
rCorr    +         Harm     .   (gloves currently unavailable)
MR       .....     NoTele   +   (boots currently unavailable)
Stlth    +++.......             (no amulet)
HPRegen  0.23/turn              o - ring of resist corrosion
MPRegen  0.10/turn              q - ring of stealth

@: lethally poisoned (-2 -> -6), tree-form
A: no striking features
a: no special abilities


You were on level 5 of the Dungeon.
You were not hungry.
You were a tree.
You visited 1 branch of the dungeon, and saw 5 of its levels.
You also visited: Sewer.

You collected 233 gold pieces.

Inventory:

Hand Weapons
 a - a +0 war axe (weapon)
 d - a +2 whip of electrocution
Armour
 c - a +1 shield (worn)
 v - a +0 plate armour (melded)
Jewellery
 o - a ring of resist corrosion (left branch)
 q - a ring of stealth (right branch)
Wands
 e - a wand of scattershot (8)
 x - a wand of flame (4)
Scrolls
 g - a scroll of teleportation
 k - 5 scrolls of identify
 p - a scroll of remove curse
 r - a scroll of fear
 t - a scroll of blinking {unknown}
Potions
 j - a potion of brilliance {unknown}
 l - 2 potions of berserk rage {unknown}
 n - a potion of resistance {unknown}
 s - a potion of magic {unknown}
 u - a potion of mutation {unknown}
 w - a potion of haste
Comestibles
 f - 13 rations


   Skills:
 + Level 4.3 Fighting
 + Level 5.3 Axes
 + Level 4.1 Armour
 + Level 2.0 Dodging
 + Level 0.9 Stealth
 + Level 4.1 Shields


You had 6 spell levels left.
You didn't know any spells.
Your spell library was empty.

Dungeon Overview and Level Annotations

Branches:
Dungeon (5/15)
 Temple: D:4-7

Altars:
Dithmenos
Sif Muna
Uskayaw
Zin

Annotations:
D:5 Dowan


Innate Abilities, Weirdness & Mutations

((You have hoof-like feet.))
((When seriously injured, your bleeding wounds create armour. (AC +0)))


Message History

You miss the killer bee.
The killer bee is severely wounded.
You miss the killer bee. You closely miss the killer bee.
You miss the killer bee.
* * * LOW HITPOINT WARNING * * *
You feel sick.
The killer bee stings you but does no damage. x3
The killer bee stings you.
* * * LOW HITPOINT WARNING * * *
The killer bee stings you but does no damage. x2
You block the killer bee's attack.
The killer bee stings you but does no damage. x2
You barely miss the killer bee.
The killer bee is heavily wounded.
You hit the killer bee. You miss the killer bee. You hit the killer bee.
* * * LOW HITPOINT WARNING * * *
You feel sick.
The killer bee stings you but does no damage. x2
The killer bee stings you.
You die...

**,,**,,,,,§§##....#.)...#.#.####
,,,,*,,,,,,,§.#....#.#)#.#.#.# #
**,,,,,,,,,,§......#...).#.#.####
**,,,,,,_,,,......#.....###..#..
**,,,,,,,,,,§§....#.#.#.###.....
*,,*,,,,,,,,§#...##..yyy##.....#
**,,**,,,,,,,*#.lh##....y#.....##
*,,,***,,,,,**#yyy##.#.#.##....##
*,,,****,,,**###♣y##.....##....#.
*,,,,*,,,,,*##.##..#.....##......
******,,***##......#.#.#.##<.#...
*,,,,,* #......##.....##......
**,,,,** #......##.....###.....
*,,,,,* ##.....###.#.#.###.....
*,,,,,*##.....## #.....#.......
***,,,.........###.....#.......
*,,,,..........#....#.........


You could see a black bear, 4 killer bees and a leopard gecko.

Vanquished Creatures
  A phantom (D:5)
  An ice beast (D:5)
  An ogre (D:4)
  2 bullfrogs
  A howler monkey (D:5)
  3 orc wizards
  Jessica (D:3)
  A worker ant (D:4)
  A worker ant zombie (D:4)
  4 gnolls (D:5)
  7 adders
  2 oozes
  2 adder skeletons
  5 worms
  2 dart slugs (D:3)
  10 leopard geckos
  12 orcs
  6 ball pythons
  5 giant cockroaches
  5 goblins
  5 hobgoblins
  6 jackals
  4 kobolds
  A quokka (D:3)
  7 bats
  12 frilled lizards
  5 rats
112 creatures vanquished.

Notes
Turn   | Place    | Note
-------+----------+-------------------------------------------
     0 | D:1      | Enroth the Demonspawn Fighter began the quest for the Orb.
     0 | D:1      | Reached XP level 1. HP: 18/18 MP: 1/1
   207 | D:1      | Gained mutation: You have large cloven feet. [demonic
                  | ancestry]
   207 | D:1      | Reached XP level 2. HP: 22/24 MP: 2/2
   443 | D:2      | Reached skill level 2 in Axes
   808 | D:2      | Gained mutation: When seriously injured, your bleeding
                  | wounds create armour. (AC +0) [demonic ancestry]
   808 | D:2      | Reached XP level 3. HP: 26/29 MP: 3/3
   904 | D:2      | Found a shadowy altar of Dithmenos.
  1026 | D:2      | Found a faded altar of an unknown god.
  1270 | D:2      | Found a deep blue altar of Sif Muna.
  1343 | D:3      | Reached skill level 1 in Dodging
  1343 | D:3      | Reached XP level 4. HP: 27/35 MP: 4/4
  1344 | D:3      | Reached skill level 3 in Axes
  1587 | D:3      | Gained mutation: You have hoof-like feet. [demonic
                  | ancestry]
  1587 | D:3      | Reached XP level 5. HP: 32/41 MP: 5/5
  2058 | D:3      | Noticed Jessica
  2061 | D:3      | Killed Jessica
  2105 | D:4      | Noticed an ogre
  2112 | D:4      | Killed an ogre
  2118 | D:4      | Reached XP level 6. HP: 48/48 MP: 6/6
  2249 | D:4      | Reached skill level 4 in Axes
  2439 | D:4      | Found a hide-covered altar of Uskayaw.
  2866 | D:5      | Entered Level 5 of the Dungeon
  2916 | D:5      | Found a glowing silver altar of Zin.
  3011 | D:5      | Found a glowing drain.
  3035 | Sewer    | Entered a sewer
  3152 | Sewer    | Reached XP level 7. HP: 40/54 MP: 7/7
  3265 | D:5      | Reached skill level 5 in Axes
  3654 | D:5      | HP: 4/82 [killer bee (6)]
  3655 | D:5      | Noticed Dowan
  3656 | D:5      | HP: 1/82 [killer bee (1)]
  3657 | D:5      | Slain by a killer bee

Vault maps used:
D:1:      roderic_octagonal_star
D:2:      lemuel_blue_sif_altar, lemuel_crystal_altar,
          chequers_ecumenical_altar_grove
D:3:      uniq_jessica
D:4:      old_standard_altar, first_ration
D:5:      basic_altar, portal_sewer_entry_f, columned_hall_lemuel,
          nicolae_dithmenos_the_darkroom, uniq_duvessa
Sewer:    sewer_frog_island_01

Skill      XL: |  1  2  3  4  5  6  7 |
---------------+----------------------+-----
Armour         | 3 4 |  4.1
Axes           | 2 3 4 5 |  5.3
Shields        | 3 4 |  4.1
Dodging        | 1 2 |  2.0
Fighting       | 4 |  4.3
Stealth        | |  0.9

Action                   |  1- 3 |  4- 6 |  7- 9 || total
-------------------------+-------+-------+-------++-------
Melee: War axe           |    74 |   148 |    55 ||   277
       Kick              |    16 |    19 |    14 ||    49
  Use: Potion            |     1 |     5 |     4 ||    10
       Scroll            |       |     8 |       ||     8
  Eat: Chunk             |       |     7 |     2 ||     9
Armor: Scale mail        |    20 |    60 |     9 ||    89
       Skin              |       |    35 |    61 ||    96
       Plate armour      |       |       |     3 ||     3
Dodge: Dodged            |     6 |    50 |    20 ||    76
Block: Shield            |    30 |   101 |    56 ||   187

Table legend:
 A = Non-vault XP
 B = Vault XP
 C = Vault XP percentage of total XP
 D = Non-vault monster count
 E = Vault monster count
 F = Vault count percentage of total count
                 A         B        C        D         E       F
            +---------+---------+-------+---------+---------+-------
      Total |     962 |     199 |  17.1 |      89 |      23 |  20.5
            +---------+---------+-------+---------+---------+-------
        D:1 |      31 |       0 |   0.0 |      12 |       0 |   0.0
        D:2 |      54 |       0 |   0.0 |      22 |       0 |   0.0
        D:3 |     134 |      37 |  21.6 |      20 |       1 |   4.8
        D:4 |     215 |       0 |   0.0 |      15 |       0 |   0.0
        D:5 |     528 |      15 |   2.8 |      20 |       5 |  20.0
      Sewer |       0 |     147 | 100.0 |       0 |      17 | 100.0
            +---------+---------+-------+---------+---------+-------
